[Event "*** Titled Tuesday 3|2 Blitz"]
[Site "Chess.com"]
[Date "2016.05.03"]
[Round "1"]
[White "TheLancer"]
[Black "jposthuma"]
[Result "0-1"]
[WhiteElo "2466"]
[BlackElo "2144"]
[TimeControl "180+2"]
[EndTime "17:10:57 PDT"]
[Termination "jposthuma won by resignation"]

1. e4 d5 2. exd5 Qxd5 3. Nc3 Qd8 4. d4 Nf6 5. Bc4 a6 6. a4 Nc6 7. Be3 Bf5 8. Nf3 e6 9. O-O Nb4 10. Bb3 Be7 11. Ne5 O-O 12. Qe2 c6 13. a5 Qc7 14.
Nc4 Nbd5 15. Nxd5 Nxd5 16. h3 Rad8 17. Rfd1 Bf6 18. c3 Rd7 19. Bc2 Bxc2 20. Qxc2 Rfd8 21. b4 e5 22. dxe5 Bxe5 23. Bd4 Nxb4 24. cxb4 Bxd4 25.
Rab1 Qf4 26. Rf1 Re7 27. Rb3 Rde8 28. Rf3 Qg5 29. Rf5 Qg6 30. Qd3 Re4 31. Rf3 h5 32. Kh1 Re1 33. Rxe1 Rxe1+ 34. Kh2 Qxd3 35. Rxd3 Bxf2 36. Nd6 h4 37. Nxb7 Bg3+ 38. Rxg3 hxg3+ 39. Kxg3 Rb1 40. Nd8 Rxb4 41. Nxc6 Rc4 42. Nb8 Rc5 43. Nxa6 Rxa5 44. Nc7 Re5 45. Na6 f6 46. Nb4 Re4 47. Nd5 Rd4 48. Ne7+ Kf7 49. Nf5 Rd3+ 50. Kh2 g6 51.
Nh6+ Ke6 52. Ng4 f5 53. Nf2 Rd2 54. Nh1 f4 55. Kg1 Kf5 56. Nf2 Ra2 57. Ng4 g5 58. Kf1 Ke4 59. Nf2+ Ke3 60. Ng4+ Kd3 61. Nf2+ Kd4 62. Ng4 Ra3 63. Kf2 Rb3 64. Nh2 Ke4 65. Ng4 f3 66. gxf3+ Rxf3+ 67. Kg2 Kf4 68. Nf6 Ra3 69.
Nd5+ Ke5 70. Ne7 Kf6 71. Nd5+ Kg6 72. Nb4 Kh5 73. Nd5 Kh4 74. Nf6 Rg3+ 75. Kf2 Rxh3 76. Ne4 g4 77. Kg2 Re3 78. Nf2 Re2 79. Kf1 Rxf2+ 80.
Kxf2 Kh3 81. Kg1 Kg3 82. Kf1 Kh2 0-1

[Event "*** Titled Tuesday 3|2 Blitz"]
[Site "Chess.com"]
[Date "2016.05.03"]
[Round "1"]
[White "yarosavich"]
[Black "andretta"]
[Result "1-0"]
[WhiteElo "2528"]
[BlackElo "2167"]
[TimeControl "180+2"]
[EndTime "17:11:54 PDT"]
[Termination "yarosavich won by resignation"]

1. d4 e6 2. c4 d5 3. Nf3 Nf6 4. g3 Be7 5. Bg2 O-O 6. O-O Nbd7 7. Qc2 c6 8. Nbd2 b6 9. e4 Bb7 10. e5 Ne8 11. cxd5 cxd5 12. Re1 Rc8 13. Qd1 Qc7 14. Qe2 a5 15. h4 Nb8 16. Nf1 Qc2 17. Bd2 Ba6 18.
Qe3 Nc7 19. b3 Qc6 20. N1h2 Na8 21. Ng4 Rfd8 22. h5 Qe8 23. Qf4 h6 24. Bh3 Bd3 25. Kh2 Nd7 26. Qe3 Bh7 27. Bf1 Rc7 28. Kg2 Nb8 29. Nfh2 Rdc8 30. f4 Be4+ 31. Kh3 Rc2 32.
Rec1 Bf5 33. Bd3 Rxc1 34. Rxc1 Bxd3 35. Qxd3 Rxc1 36. Bxc1 Qc8 37. Bd2 Qa6 38. Qe3 Nd7 39. Kg2 Nc7 40. Nf2 Qb5 41. g4 Bb4 42. Nf3 Bxd2 43.
Nxd2 Qc6 44. a4 b5 45. axb5 Nxb5 46. f5 Qb6 47. Nf3 Nc7 48. Nh3 Nf8 49. Nf4 Ne8 50.
g5 hxg5 51. Nxg5 exf5 52. Nxd5 Qb7 53. Qf3 Qd7 54. Nh3 Nh7 55. Nhf4 Nc7 56. Nxc7 Qxc7 57. Nd5 Qc2+ 58. Kg3 f4+ 59. Nxf4 Ng5 60. Qd3 Ne4+ 61.
Kf3 Nd2+ 62. Ke2 Qxd3+ 63. Kxd3 Nxb3 64. d5 Kf8 65. Kc3 Nc5 66. Ne2 Ke7 67. Nd4 Ne4+ 68. Kd3 Nc5+ 69. Kc4 Ne4 70. Nc6+ Kd7 71. Nxa5 Ng3 72.
Nb7 Nxh5 73. Nc5+ Kd8 74. d6 Nf4 75. Kd4 g5 76. Ke4 Ng6 77. Kf5 g4 78. Ne4 Kd7 79.
Nf6+ Kc6 80. Nxg4 Nf8 81. Nh6 Kd7 82. Nxf7 Ne6 83. Nh6 Nd4+ 84. Ke4 Nc6 85. Ng4 Nd8 86.
Kd5 Ke8 87. e6 Nb7 88. Nf6+ Kd8 89. e7+ 1-0

[Event "*** Titled Tuesday 3|2 Blitz"]
[Site "Chess.com"]
[Date "2016.05.03"]
[Round "2"]
[White "andryusha"]
[Black "rookoco"]
[Result "0-1"]
[WhiteElo "2181"]
[BlackElo "2417"]
[TimeControl "180+2"]
[EndTime "17:15:57 PDT"]
[Termination "rookoco won by resignation"]

1. e4 c5 2. Nf3 d6 3. Bb5+ Nd7 4.
d4 cxd4 5. Qxd4 a6 6. Bxd7+ Bxd7 7. Nc3 Rc8 8. O-O Qc7 9. Be3 Nf6 10. Rac1 e5 11. Qd3 h6 12. h3 Be7 13. a4 O-O 14.
Rfd1 Be6 15. Qd2 Qc6 16. Nd5 Bxd5 17. exd5 Qxa4 18. b3 Qd7 19. c4 b5 20. c5 dxc5 21.
Nxe5 Qb7 22. d6 Rfd8 23. Rxc5 Rxd6 24. Rc6 0-1

[Event "*** Titled Tuesday 3|2 Blitz"]
[Site "Chess.com"]
[Date "2016.05.03"]
[Round "2"]
[White "StellarChessPro"]
[Black "ArnaudovP"]
[Result "1-0"]
[WhiteElo "2275"]
[BlackElo "2397"]
[TimeControl "180+2"]
[EndTime "17:16:18 PDT"]
[Termination "StellarChessPro won by resignation"]

1. d4 Nf6 2. Bg5 Ne4 3. Bf4 e5 4. dxe5 d5 5. f3 Nc5 6. e3 Nc6 7. Nc3 g5 8. Bg3 Be6 9. Nge2 Bg7 10. Nd4 Nxe5 11. Nxe6 fxe6 12. Qd2 Qe7 13. O-O-O O-O-O 14. Kb1 a6 15. Be2 Nc6 16. Bd3 e5 17. Bf5+ Kb8 18.
Nxd5 Qf7 19. e4 Nd4 20. Ne3 Nxf5 21. Qxd8+ Rxd8 22. Rxd8+ Ka7 23. Nxf5 Bf6 24. Rd2 Qc4 25. Bf2 b6 26. Bxc5 Qxc5 27. Rhd1 Kb7 28. a3 h5 29. Rd3 g4 30. Rc3 Qb5 31. fxg4 hxg4 32.
h4 a5 33. h5 Qe2 34. Rd7 Qxe4 35. Nd6+ 1-0

[Event "*** Titled Tuesday 3|2 Blitz"]
[Site "Chess.com"]
[Date "2016.05.03"]
[Round "2"]
[White "andretta"]
[Black "jsdbv"]
[Result "1-0"]
[WhiteElo "2179"]
[BlackElo "2339"]
[TimeControl "180+2"]
[EndTime "17:16:33 PDT"]
[Termination "andretta won by resignation"]

1. Nf3 g6 2. c4 Nf6 3. g3 Bg7 4. Bg2 O-O 5. O-O d6 6. Nc3 e5 7. d3 Nc6 8. Rb1 a5 9. Bg5 h6 10. Bxf6 Qxf6 11. a3 Qd8 12. b4 axb4 13. axb4 Be6 14. b5 Ne7 15. Ne1 Rb8 16. Nd5 Nxd5 17.
cxd5 Bd7 18. Qb3 Rc8 19. Nc2 f5 20. b6 c6 21. dxc6+ 1-0

[Event "*** Titled Tuesday 3|2 Blitz"]
[Site "Chess.com"]
[Date "2016.05.03"]
[Round "2"]
[White "dsanchez1973"]
[Black "renanreis"]
[Result "1-0"]
[WhiteElo "2019"]
[BlackElo "2001"]
[TimeControl "180+2"]
[EndTime "17:17:15 PDT"]
[Termination "dsanchez1973 won by resignation"]

1. e4 e5 2. Nf3 Nc6 3. Bb5 a6 4. Ba4 Nf6 5. O-O Be7 6. c3 Nxe4 7.
Re1 Nc5 8. Bc2 d6 9. d4 Nd7 10. d5 Ncb8 11. Nbd2 O-O 12. Nf1 c6 13. Ng3 cxd5 14.
Qxd5 Nf6 15. Qd3 Nc6 16. Nh5 g6 17. Nxf6+ Bxf6 18. Bh6 Bg7 19. Bxg7 Kxg7 20. Rad1 Bf5 21. Qd2 Bxc2 22. Qxc2 Qe7 23. h3 Rac8 24. Nh2 Rfd8 25. f4 Qf6 26. Rf1 Nd4 27. Qe4 Nf5 28. Ng4 Qe6 29.
fxe5 Ng3 30. Qf4 Nxf1 31. Qh6+ Kh8 32. Nf6 Qxf6 33. exf6 Rg8 34. Kxf1 Rcd8 35. Rd4 1-0

[Event "*** Titled Tuesday 3|2 Blitz"]
[Site "Chess.com"]
[Date "2016.05.03"]
[Round "2"]
[White "chito89"]
[Black "GMG"]
[Result "0-1"]
[WhiteElo "2626"]
[BlackElo "2440"]
[TimeControl "180+2"]
[EndTime "17:17:53 PDT"]
[Termination "GMG won by resignation"]

1. e4 d5 2. exd5 Qxd5 3. Nc3 Qa5 4. g3 Nf6 5. Bg2 c6 6. Nge2 g6 7. Rb1 Bg7 8. b4 Qc7 9. d3 O-O 10. O-O Nbd7 11. a4 b6 12. Bf4 e5 13. Be3 Bb7 14. h3 Nd5 15. Nxd5 cxd5 16. c4 d4 17. Bxb7 Qxb7 18. Bd2 f5 19. c5 bxc5 20. bxc5 Qc6 21. Qb3+ Kh8 22. Rfc1 Nf6 23. Bg5 Nh5 24. Qb7 Qe6 25.
c6 f4 26. Qd7 Qa2 27. Qg4 f3 28. c7 fxe2 29. c8=Q e1=Q+ 30. Rxe1 Raxc8 31. Rf1 Rc2 32. Be7 Rcxf2 0-1

[Event "*** Titled Tuesday 3|2 Blitz"]
[Site "Chess.com"]
[Date "2016.05.03"]
[Round "2"]
[White "Elshan1985"]
[Black "destroyer305"]
[Result "1-0"]
[WhiteElo "2568"]
[BlackElo "2253"]
[TimeControl "180+2"]
[EndTime "17:18:02 PDT"]
[Termination "Elshan1985 won by resignation"]

1. e4 c5 2. Nf3 d6 3. Bb5+ Bd7 4. c4 Nf6 5. Nc3 g6 6. O-O Bg7 7. d4 cxd4 8. Nxd4 Nc6 9. Bxc6 bxc6 10. h3 O-O 11.
Be3 c5 12. Nf3 Be6 13. b3 Nd7 14. Qd2 Ne5 15. Nxe5 Bxe5 16. f4 Bg7 17. f5 Bd7 18. Bh6 Bc6 19. Rae1 a5 20. Nd5 Bxd5 21. exd5 a4 22.
Bxg7 Kxg7 23. b4 cxb4 24. Qxb4 Qd7 25. Rxe7 Qxe7 26. f6+ Qxf6 27. Rxf6 Kxf6 28. Qxd6+ Kg7 29. Qe5+ f6 30. Qd4 a3 31. c5 Rfb8 32. d6 Rb2 33. d7 Rd8 34. c6 Rxa2 35. c7 1-0

[Event "*** Titled Tuesday 3|2 Blitz"]
[Site "Chess.com"]
[Date "2016.05.03"]
[Round "2"]
[White "saraswathii"]
[Black "DiamondCrusher22"]
[Result "0-1"]
[WhiteElo "1944"]
[BlackElo "1939"]
[TimeControl "180+2"]
[EndTime "17:18:02 PDT"]
[Termination "DiamondCrusher22 won on time"]

1. e4 e5 2. d3 Nf6 3. Nf3 Nc6 4. g3 d5 5. exd5 Nxd5 6. Bg2 Be7 7. O-O Be6 8. Qe2 Bf6 9. Nbd2 O-O 10. h3 Re8 11.
Nc4 Bf5 12. g4 Nd4 13. Nxd4 exd4 14. Qf3 Be6 15. a4 h6 0-1

[Event "*** Titled Tuesday 3|2 Blitz"]
[Site "Chess.com"]
[Date "2016.05.03"]
[Round "2"]
[White "jposthuma"]
[Black "Tonychess32"]
[Result "0-1"]
[WhiteElo "2141"]
[BlackElo "2398"]
[TimeControl "180+2"]
[EndTime "17:18:12 PDT"]
[Termination "Tonychess32 won by resignation"]

1. d4 Nf6 2. c4 e6 3. g3 Bb4+ 4. Bd2 Qe7 5. Bg2 O-O 6. Nf3 Bxd2+ 7. Nbxd2 d6 8. O-O e5 9. d5 e4 10. Nd4 e3 11. N2f3 exf2+ 12. Rxf2 Ng4 13. Rf1 Ne3 14. Qd3 Nxf1 15. Rxf1 Na6 16. Nf5 Bxf5 17. Qxf5 Nc5 18. Nh4 g6 19. Qg4 Rae8 20. Nf5 Qxe2 21. Nh6+ Kg7 22.
Nf5+ Kh8 23. Qh4 f6 24. Bf3 Qd3 25. Nh6 Ne4 26. Bxe4 Rxe4 27. Ng4 Qd4+ 0-1

[Event "*** Titled Tuesday 3|2 Blitz"]
[Site "Chess.com"]
[Date "2016.05.03"]
[Round "2"]
[White "PedroLeRobot"]
[Black "tactics321"]
[Result "1-0"]
[WhiteElo "2347"]
[BlackElo "2133"]
[TimeControl "180+2"]
[EndTime "17:18:12 PDT"]
[Termination "PedroLeRobot won by resignation"]

1. Nf3 Nf6 2. g3 g6 3. Bg2 Bg7 4. O-O O-O 5. c4 d5 6. cxd5 Nxd5 7. d4 Nb6 8. Nc3 Nc6 9. e3 Re8 10. Nd2 Be6 11. b3 a5 12. Nde4 Nd5 13. Bb2 Nxc3 14. Nxc3 Bd7 15. Na4 e5 16. d5 Ne7 17. Nc5 Bc8 18. Rc1 Rb8 19. Qc2 b6 20. Na4 b5 21.
Nc5 Rb6 22. Rfd1 Rd6 23. Ne4 Rd7 24. Nc3 b4 25. Nb5 Nxd5 26. e4 Nb6 27. Nxc7 Ree7 28. Nd5 Nxd5 29. exd5 Bb7 30. d6 Re6 31. Bxb7 Rxb7 32.
Qc7 Rxc7 33. dxc7 Qc8 34. Rd8+ Re8 35. Rxe8+ Qxe8 36. c8=Q 1-0

[Event "*** Titled Tuesday 3|2 Blitz"]
[Site "Chess.com"]
[Date "2016.05.03"]
[Round "2"]
[White "FearNoEvil12"]
[Black "ethylalcohol"]
[Result "1-0"]
[WhiteElo "1937"]
[BlackElo "1758"]
[TimeControl "180+2"]
[EndTime "17:18:17 PDT"]
[Termination "FearNoEvil12 won on time"]

1. e4 c5 2. Nf3 d6 3. d4 cxd4 4. Nxd4 Nf6 5. Nc3 a6 6. Bg5 e6 7. f4 Be7 8. Qf3 Nbd7 9. O-O-O h6 10. Bh4 g5 11. fxg5 Ne5 12. gxf6 Nxf3 13. fxe7 Qa5 14.
Nxf3 b5 15. Rxd6 Bd7 16. Ne5 Ra7 17. Nc6 Qb6 18. Bxb5 axb5 19. Rhd1 1-0

[Event "*** Titled Tuesday 3|2 Blitz"]
[Site "Chess.com"]
[Date "2016.05.03"]
[Round "2"]
[White "Kawhi_Leonard2"]
[Black "FLchessplayer"]
[Result "1-0"]
[WhiteElo "2114"]
[BlackElo "2065"]
[TimeControl "180+2"]
[EndTime "17:18:36 PDT"]
[Termination "Kawhi_Leonard2 won by resignation"]

1. e4 c5 2. Nf3 d6 3. d4 cxd4 4. Nxd4 Nf6 5. Nc3 Nbd7 6. f4 a6 7. Bd3 g6 8. Qe2 Qb6 9. Nb3 Qc7 10. Be3 Bg7 11. O-O h5 12. h3 b5 13. a4 b4 14. Nd5 Nxd5 15. exd5 Nc5 16. Bd4 Nxb3 17. Bxg7 Rg8 18. cxb3 Rxg7 19. Rac1 Qb6+ 20. Kh1 Kf8 21.
Rc6 Qb8 22. Rfc1 Bd7 23. Rc7 Qd8 24. Bxa6 f6 25. Bb7 Rb8 26. Qa6 e5 27. dxe6 Bxe6 28. Rxg7 Kxg7 29. Rd1 Bf5 30. Bd5 h4 31. Qc4 Rc8 32. Qd4 Qa5 33. Bc4 Re8 34. Qxd6 Re1+ 35. Rxe1 1-0

[Event "*** Titled Tuesday 3|2 Blitz"]
[Site "Chess.com"]
[Date "2016.05.03"]
[Round "2"]
[White "attack2mateU"]
[Black "fourqueens13"]
[Result "1-0"]
[WhiteElo "2437"]
[BlackElo "2258"]
[TimeControl "180+2"]
[EndTime "17:18:45 PDT"]
[Termination "attack2mateU won by resignation"]

1. e4 c5 2. Nf3 Nc6 3. d4 cxd4 4. Nxd4 e5 5. Nb5 d6 6. c4 Be7 7. N1c3 a6 8. Na3 f5 9. exf5 Bxf5 10. Bd3 Be6 11. O-O Nf6 12. Nc2 O-O 13. Qe2 Rc8 14.
Bg5 b5 15. Bxf6 Bxf6 16. cxb5 axb5 17. Bxb5 d5 18. Rad1 Ne7 19. Ne3 d4 20. Ne4 Bxa2 21. Ng4 Bd5 22. f4 exf4 23. Nexf6+ gxf6 24. Rxf4 Nc6 25. Bxc6 Bxc6 26. Qe6+ Kh8 27. Rfxd4 Qb6 28. b4 Rce8 29. Qd6 Qb7 30. Nxf6 Rd8 31. Qxd8 Rxd8 32. Rxd8+ Kg7 33. R8d7+ Bxd7 34. Rxd7+ 1-0

[Event "*** Titled Tuesday 3|2 Blitz"]
[Site "Chess.com"]
[Date "2016.05.03"]
[Round "2"]
[White "NaziPaiki"]
[Black "oskariot"]
[Result "1-0"]
[WhiteElo "2657"]
[BlackElo "2418"]
[TimeControl "180+2"]
[EndTime "17:18:46 PDT"]
[Termination "NaziPaiki won by resignation"]

1. e4 c5 2. Nf3 d6 3. d4 cxd4 4. Nxd4 Nf6 5. Nc3 Nc6 6. Bg5 Bd7 7. Qd2 Rc8 8. O-O-O Nxd4 9. Qxd4 Qa5 10. f4 Rxc3 11. bxc3 e5 12. Qb4 Qxb4 13. cxb4 Nxe4 14. Bh4 g5 15. fxg5 Be7 16. Re1 Nxg5 17. Bc4 Rg8 18. Rhf1 Ne6 19. Bxe7 Kxe7 20. Bd5 b5 21. g3 Rg5 22. Be4 h6 23. Re3 Rg7 24. Kb2 Ng5 25.
Bd5 f5 26. Ra3 e4 27. Rxa7 Kf6 28. Ra3 Ke5 29. Rd1 Nf3 30. c4 bxc4 31. Bxc4 Bc6 32. Ra5+ Kf6 33. Rxd6+ 1-0

[Event "*** Titled Tuesday 3|2 Blitz"]
[Site "Chess.com"]
[Date "2016.05.03"]
[Round "2"]
[White "exoticprincess"]
[Black "JusticeBot"]
[Result "1-0"]
[WhiteElo "2849"]
[BlackElo "2515"]
[TimeControl "180+2"]
[EndTime "17:18:55 PDT"]
[Termination "exoticprincess won by resignation"]

1. b3 e5 2. Bb2 Nc6 3. e3 Nf6 4. Bb5 Bd6 5. Na3 Na5 6. Be2 O-O 7.
Nb5 b6 8. Nxd6 cxd6 9. Nf3 Bb7 10. O-O Re8 11. d4 Qc7 12. c4 Ne4 13. Rc1 f5 14. d5 Bc8 15. b4 Nb7 16. Bd3 a5 17. a3 Nd8 18. Bxe4 fxe4 19. Ng5 h6 20. Nxe4 Nf7 21. Qd3 axb4 22. axb4 Ra4 23. Qb3 Ra7 24. h3 Bb7 25. f4 exf4 26. Qc3 Ne5 27. c5 Bxd5 28. Nxd6 Re7 29.
exf4 Ng6 30. Qd3 Bf7 31. Nxf7 Nxf4 32. Nxh6+ gxh6 33. Qg3+ Kh7 34. Qxf4 Qxf4 35. Rxf4 Ra2 36. cxb6 Re2 37. b7 Raxb2 38. Rg4 Re8 39. Rc8 Re1+ 40. Kh2 Rbb1 41. b8=Q Rh1+ 42. Kg3 Rb3+ 43. Kh4 1-0

[Event "*** Titled Tuesday 3|2 Blitz"]
[Site "Chess.com"]
[Date "2016.05.03"]
[Round "2"]
[White "Viaje"]
[Black "AungTZ"]
[Result "1-0"]
[WhiteElo "2167"]
[BlackElo "2068"]
[TimeControl "180+2"]
[EndTime "17:18:55 PDT"]
[Termination "Viaje won by resignation"]

1. d4 Nf6 2. c4 e6 3. Nc3 Bb4 4. f3 d5 5. a3 Bxc3+ 6. bxc3 O-O 7. cxd5 exd5 8. e3 Re8 9. Bd3 c5 10. Ne2 Nc6 11. O-O b6 12. Ng3 g6 13. Ra2 Bb7 14.
Re2 Qd6 15. Bb2 Rad8 16. Kh1 Re7 17. a4 Rde8 18. Qd2 cxd4 19. cxd4 Qb4 20. Bc3 Qd6 21. Rfe1 h5 22. Kg1 h4 23. Nh1 Re6 24. Nf2 Qe7 25. e4 Qd7 26. e5 Nh5 27. Nh3 Nd8 28. Qh6 f5 29. Bxf5 gxf5 30. Qxh5 Qf7 31. Qxh4 Rg6 32. Nf4 Rg7 33. Nh5 Rg6 34. Nf6+ Kf8 35. Bb4+ 1-0

[Event "*** Titled Tuesday 3|2 Blitz"]
[Site "Chess.com"]
[Date "2016.05.03"]
[Round "2"]
[White "1random"]
[Black "SidArun"]
[Result "0-1"]
[WhiteElo "2035"]
[BlackElo "1978"]
[TimeControl "180+2"]
[EndTime "17:18:56 PDT"]
[Termination "SidArun won by resignation"]

1. e4 c6 2. d4 d5 3. exd5 cxd5 4. c4 Nf6 5. Nc3 Nc6 6. Bg5 dxc4 7. Bxc4 h6 8. Bh4 Qxd4 9. Qxd4 Nxd4 10. O-O-O e5 11. f4 Bc5 12. fxe5 Ng4 13. Nb5 Ne3 14. Nc7+ Kd7 15.
Nxa8 Nxd1 16. Kxd1 b5 17. Bd5 Nf5 18. Bg3 Ne3+ 19.
Ke2 Nxd5 20. Nh3 Bb7 21. Rd1 Ke6 22. Rxd5 Kxd5 23. Nc7+ Kc6 24. e6 fxe6 25. Nxe6 Re8 26. Nf4 Bc8 27. Kd3 Bxe6 28. Nxe6 Rxe6 0-1

[Event "*** Titled Tuesday 3|2 Blitz"]
[Site "Chess.com"]
[Date "2016.05.03"]
[Round "2"]
[White "Tirantes"]
[Black "jncool68"]
[Result "0-1"]
[WhiteElo "2187"]
[BlackElo "2455"]
[TimeControl "180+2"]
[EndTime "17:19:00 PDT"]
[Termination "jncool68 won by resignation"]

1. c4 e5 2. Nc3 Nf6 3. g3 c6 4.
Nf3 e4 5. Nd4 d5 6. cxd5 Nxd5 7.
Nxe4 Be7 8. Nf3 O-O 9. Bg2 Bf5 10. Nc3 Nb4 11. d3 Nd7 12. a3 Na6 13. O-O Nf6 14. b4 Nc7 15. Bd2 a5 16. Rb1 axb4 17. axb4 Qd7 18. Re1 Bh3 19. Bh1 b5 20. Ne5 Qe6 21.
Nxc6 Qd6 22. Bf4 Qd7 23. Nxe7+ Qxe7 24. Bxa8 Rxa8 25. Bxc7 Qxc7 26. Ne4 Qc6 27. Qc1 Qb7 28. Nxf6+ gxf6 29. f3 Qb6+ 30. e3 Qb7 31. e4 Ra2 32. Rb2 Qa7+ 33. Kh1 Ra3 34. Qh6 Ra1 35. Qd2 Ra3 36.
g4 Qd4 37. Rd1 Ra4 38. g5 f5 39. Rc2 Rxb4 40. exf5 Bxf5 41. Rc8+ Bxc8 0-1

[Event "*** Titled Tuesday 3|2 Blitz"]
[Site "Chess.com"]
[Date "2016.05.03"]
[Round "2"]
[White "dretch"]
[Black "jk13"]
[Result "1-0"]
[WhiteElo "2592"]
[BlackElo "2406"]
[TimeControl "180+2"]
[EndTime "17:19:16 PDT"]
[Termination "dretch won by checkmate"]

1. d4 Nf6 2. c4 e6 3. Nc3 Bb4 4. Qc2 O-O 5. e4 d5 6. e5 Ne4 7. Bd3 c5 8. Nf3 cxd4 9. Nxd4 Nd7 10. Bf4 Ndc5 11. O-O Nxd3 12. Qxd3 Bxc3 13. bxc3 b6 14. cxd5 exd5 15. Rad1 Bb7 16. f3 Nc5 17. Qd2 Ba6 18. Bg5 Qc8 19. Rfe1 Re8 20. h4 Qd7 21. h5 h6 22. Bf4 Nd3 23. Bxh6 Nxe1 24. Bxg7 f5 25.
Bf6 Qh7 26. Qg5+ Kf8 27. Rxe1 Bc8 28. e6 Bd7 29. Re5 Bc8 30. Rxf5 Bxe6 31. Be7# 1-0

[Event "*** Titled Tuesday 3|2 Blitz"]
[Site "Chess.com"]
[Date "2016.05.03"]
[Round "2"]
[White "Hikaru"]
[Black "Mornar1951"]
[Result "1-0"]
[WhiteElo "2838"]
[BlackElo "2503"]
[TimeControl "180+2"]
[EndTime "17:19:20 PDT"]
[Termination "Hikaru won by resignation"]

1. d4 Nf6 2. c4 e6 3. Nc3 Bb4 4. e3 O-O 5. Ne2 d5 6. a3 Be7 7. cxd5 exd5 8. Nf4 Re8 9. Bd3 Bd6 10. O-O Bxf4 11.
exf4 Nc6 12. Be3 Ne7 13. f3 Bf5 14. g4 Bxd3 15. Qxd3 Qd7 16. f5 Nc8 17. Bg5 c6 18. Bxf6 gxf6 19. Qd2 Nd6 20. Qh6 Qe7 21. Rae1 Qxe1 22.
Rxe1 Rxe1+ 23. Kf2 Rae8 24. Qxf6 Nc4 25. Ne4 dxe4 26.
Kxe1 e3 27. Qh6 f6 28. Qxf6 Nxb2 29. Qg5+ Kf7 30. Qh5+ Kf8 31. Ke2 Nd3 32. Kxd3 e2 33.
Qxe8+ 1-0

[Event "*** Titled Tuesday 3|2 Blitz"]
[Site "Chess.com"]
[Date "2016.05.03"]
[Round "2"]
[White "chorejason"]
[Black "Dlugy"]
[Result "0-1"]
[WhiteElo "2040"]
[BlackElo "2585"]
[TimeControl "180+2"]
[EndTime "17:19:20 PDT"]
[Termination "Dlugy won by resignation"]

1. e4 c5 2. Nf3 d6 3. d4 cxd4 4. Nxd4 Nf6 5. Nc3 Nc6 6. Bc4 e6 7. O-O Be7 8. Bb3 O-O 9. Be3 a6 10. f4 Nxd4 11. Bxd4 b5 12. a3 Bb7 13. Qe2 a5 14.
Qxb5 Ba6 15. Qa4 Bxf1 16. Rxf1 Qe8 17. Qc4 Qc8 18. Qe2 Qc6 19. e5 dxe5 20. fxe5 Bc5 21. Bxc5 Qxc5+ 22. Kh1 Nd7 23. Re1 Nb6 24. Qh5 a4 25.
Ba2 Qf2 26. Rg1 Ra5 27. Ne4 Qf4 28. Ng5 h6 29. Nf3 Rb5 30. c3 Rxb2 31. Bb1 Nd5 32. Bd3 Nxc3 33. Nh4 Qg5 34. Qxg5 hxg5 35. Nf3 Rd8 36.
Ba6 g4 37. Ng5 Rd1 38. Rxd1 Nxd1 39. g3 Nf2+ 40. Kg2 Nh3+ 0-1

[Event "*** Titled Tuesday 3|2 Blitz"]
[Site "Chess.com"]
[Date "2016.05.03"]
[Round "2"]
[White "DanielNaroditsky"]
[Black "GrigorGrigorov"]
[Result "1-0"]
[WhiteElo "2643"]
[BlackElo "2537"]
[TimeControl "180+2"]
[EndTime "17:19:22 PDT"]
[Termination "DanielNaroditsky won by resignation"]

1. d4 Nf6 2. c4 e6 3. Nc3 Bb4 4. f3 Nc6 5. e4 d5 6. e5 Ng8 7.
cxd5 exd5 8. Bb5 Ne7 9. Ne2 O-O 10. O-O Ba5 11. Be3 Bb6 12. Bf2 f6 13. exf6 Rxf6 14. Kh1 a6 15. Ba4 Be6 16. Bh4 Rh6 17. Bg5 Rg6 18.
Nf4 Qd6 19. Nxg6 Nxg6 20. Bxc6 Qxc6 21. Re1 Bf7 22. Rc1 Qd6 23. Na4 Ba7 24. Nc5 b6 25.
Nd3 c5 26. Ne5 Nxe5 27. Rxe5 Qg6 28. dxc5 bxc5 29. Rxd5 h6 30. Rd8+ Rxd8 31. Qxd8+ Kh7 32. Be3 Bxa2 33. Qe7 Bb6 34. Bxc5 Bxc5 35. Qxc5 1-0

[Event "*** Titled Tuesday 3|2 Blitz"]
[Site "Chess.com"]
[Date "2016.05.03"]
[Round "2"]
[White "pedromartinez91"]
[Black "sandropozo"]
[Result "0-1"]
[WhiteElo "2323"]
[BlackElo "2277"]
[TimeControl "180+2"]
[EndTime "17:19:25 PDT"]
[Termination "sandropozo won by resignation"]

1. e4 e6 2. d4 d5 3. Nd2 Be7 4. Bd3 c5 5. c3 Nc6 6. Ngf3 cxd4 7. cxd4 dxe4 8. Nxe4 Nf6 9. O-O O-O 10. Be3 Nb4 11. Bb1 Nbd5 12. Ne5 Bd7 13. Qd3 Nxe4 14. Qxe4 f5 15.
Qd3 Bd6 16. a3 Bxe5 17. dxe5 a6 18. Rc1 Bb5 19. Qd2 Qh4 20. Ba2 Bc6 21. Qd4 f4 22. Bxd5 Bxd5 23. Bd2 Bxg2 24. f3 Bxf3 25. Qf2 Qg4+ 26. Kf1 Bc6 27. Rc3 Rad8 28. Re1 Bb5+ 29.
Re2 Rxd2 0-1

[Event "*** Titled Tuesday 3|2 Blitz"]
[Site "Chess.com"]
[Date "2016.05.03"]
[Round "2"]
[White "chesstatour"]
[Black "zane33"]
[Result "0-1"]
[WhiteElo "2014"]
[BlackElo "1976"]
[TimeControl "180+2"]
[EndTime "17:19:29 PDT"]
[Termination "zane33 won on time"]

1. c4 e5 2. Nc3 Nf6 3. Nf3 Nc6 4. d4 exd4 5. Nxd4 Bb4 6. Nc2 Bxc3+ 7. bxc3 O-O 8. g3 Re8 9. Bg2 d6 10. Rb1 Bg4 11.
Ne3 Ne5 12. Nxg4 Nfxg4 13. Rxb7 Rb8 14. Rxa7 Nxc4 15. O-O Rb1 16. Qd4 Nce5 17. f4 Ng6 18. e4 h5 19. h3 Nf6 20. Be3 Rb2 21. Rf2 Rb1+ 22. Kh2 Qd7 23. Qd3 Re1 24. Qd2 Rb1 25. Qd3 Rbb8 26. Rd2 Qe7 0-1

[Event "*** Titled Tuesday 3|2 Blitz"]
[Site "Chess.com"]
[Date "2016.05.03"]
[Round "2"]
[White "Checky2015"]
[Black "Zurability"]
[Result "0-1"]
[WhiteElo "2596"]
[BlackElo "2429"]
[TimeControl "180+2"]
[EndTime "17:19:38 PDT"]
[Termination "Zurability won by resignation"]

1. d4 d6 2. e4 Nf6 3. Nc3 e5 4. Nf3 Nbd7 5. Bc4 Be7 6. a4 O-O 7.
O-O c6 8. a5 exd4 9. Nxd4 Ne5 10.
Be2 Bd7 11. f4 Ng6 12. Be3 Re8 13. f5 Ne5 14. Kh1 h6 15. Qd2 Nh7 16. Nf3 Qc7 17.
Nxe5 dxe5 18. Bc4 Red8 19. Qe2 Be8 20. Qf2 Bb4 21. a6 b6 22. Qg3 Kh8 23. f6 g5 24.
Qh3 Bf8 25. Ne2 b5 26. Bb3 c5 27. Bd5 Bc6 28. Nc3 b4 29. Bxc6 Qxc6 30. Nd5 Rd6 31. Qh5 Kg8 32. Rf5 Nxf6 33. Nxf6+ Rxf6 34. Rxe5 Re8 35. Rxe8 Qxe8 36. Qg4 Re6 37. Qf5 Rxe4 38. Bg1 Qe6 39.
Qf3 c4 40. Bxa7 Re1+ 41. Rxe1 Qxe1+ 42. Bg1 Bc5 0-1

[Event "*** Titled Tuesday 3|2 Blitz"]
[Site "Chess.com"]
[Date "2016.05.03"]
[Round "2"]
[White "Gevorg_Harutjunyan"]
[Black "LaStreetCmaMaison"]
[Result "1-0"]
[WhiteElo "2632"]
[BlackElo "2416"]
[TimeControl "180+2"]
[EndTime "17:19:57 PDT"]
[Termination "Gevorg_Harutjunyan won by resignation"]

1. e4 e6 2. d4 d5 3. Nc3 Nf6 4. e5 Nfd7 5. f4 c5 6. Nf3 a6 7. Be3 cxd4 8. Nxd4 Qb6 9. a3 Nc6 10. Qd2 Qxb2 11. Ra2 Qb6 12. Nxe6 d4 13. Nxd4 Bc5 14. Nf5 O-O 15. Bxc5 Nxc5 16. Nd6 Be6 17. Ra1 f6 18. Rb1 Qa5 19. f5 fxe5 20. fxe6 b5 21. Nce4 Qxa3 22. Bd3 Nxe6 23. Rf1 Nf4 24. g3 Nxd3+ 25. Qxd3 Qa5+ 26. c3 Nd4 27. Ng5 g6 28. Rf7 Rad8 29. Nb7 Qa2 30. Nxd8 Nc2+ 31. Kd1 Qxb1+ 32. Kd2 Re8 33. Nde6 Rxe6 34.
Qd8+ 1-0